 Dungeon Crawl Stone Soup version 0.30-a0-141-g30f27751c5 (webtiles) character file.

Game seed: 10370679905677752581

59 qw the Chopper (level 4, -4/28 HPs)
             Began as a Gargoyle Fighter on Sept 25, 2022.
             Slain by a gnoll
             ... wielding a +0 spear
             ... led by a gnoll bouda
              (5 damage)
             ... on level 2 of the Dungeon.
             The game lasted 00:00:40 (1435 turns).

qw the Chopper (Gargoyle Fighter)                   Turns: 1435, Time: 00:00:41

Health: -4/28      AC: 11    Str: 22    XL:     4   Next: 3%
Magic:  4/4        EV:  9    Int:  8    God:
Gold:   88         SH:  5    Dex:  9    Spells: 3/3 levels left

rFire   + . .      SeeInvis .    Y - +0 war axe
rCold   . . .      Faith    .    k - +1 buckler {rF+}
rNeg    + . .      Spirit   .    b - +0 scale mail
rPois   inf        Reflect  .    (no helmet)
rElec   +          Harm     .    (no cloak)
rCorr   .          Rampage  .    (no gloves)
Will    .....                    l - +0 pair of boots
Stlth   ..........               (no amulet)
HPRegen 0.09/turn                (no ring)
MPRegen 0.09/turn                (no ring)

@: weakened
A: sickness immunity, AC +3, negative energy resistance 1, electricity
resistance, torment resistance 1, petrification resistance
a: no special abilities


You were on level 2 of the Dungeon.
You visited 1 branch of the dungeon, and saw 2 of its levels.

You collected 88 gold pieces.


Innate Abilities, Weirdness & Mutations

You are immune to sickness and miasma.
Your stone body is resilient. (AC +3)
You are immune to poison.
You resist negative energy. (rN+)
You are resistant to electric shocks. (rElec)
You are resistant to unholy torment.
You are immune to petrification.


   Skills:
 - Level 3.2 Fighting
 + Level 3.8 Axes
 - Level 3.2 Armour
 - Level 3.2 Shields


You had 3 spell levels left.
You didn't know any spells.
Your spell library was empty.

Inventory:

Hand Weapons
 i - a +0 whip
 Y - a +0 war axe (weapon)
Armour
 a - a +0 plate armour
 b - a +0 scale mail (worn)
 c - a +0 helmet
 k - a +1 buckler of fire resistance (worn)
 l - a +0 pair of boots (worn)
Scrolls
 j - a scroll of identify
Potions
 d - a potion of might
 e - a potion of heal wounds {unknown}
 h - a potion of flight {unknown}

Dungeon Overview and Level Annotations

Branches:
Dungeon (2/15)

Altars:


Message History

The gnolls pick up the pace!
You hit the gnoll bouda.
The gnoll bouda is heavily wounded.
You closely miss the gnoll. The gnoll closely misses you.
The gnoll hits you with a +0 whip. You block the gnoll bouda's attack.
The gnoll hits you but does no damage.
You barely miss the gnoll bouda.
The gnoll bouda is heavily wounded.
You hit the gnoll but do no damage. The gnoll closely misses you.
The gnoll bouda closely misses you. The gnoll hits you but does no damage.
The gnoll bouda completely misses you. The gnoll hits you but does no damage.
You closely miss the gnoll bouda.
The gnoll bouda is heavily wounded.
You closely miss the gnoll. The gnoll barely misses you.
The gnoll hits you with a +0 whip.
The gnoll bouda hits you but does no damage.
You barely miss the gnoll bouda.
The gnoll bouda is heavily wounded.
You slash the gnoll! The gnoll barely misses you. x2
The gnoll bouda hits you with a +0 whip.
You block the gnoll's attack.
You slash the gnoll!
You kill the gnoll!
You hit the gnoll bouda.
The gnoll bouda gazes fiercely through you!
You feel your attacks grow feeble.
The gnoll bouda hits you with a +0 whip.
You block the gnoll's attack.
The gnoll bouda hits you with a +0 whip.
You have reached level 4!
You feel stronger.
You closely miss the gnoll bouda.
The gnoll bouda is heavily wounded.
The gnoll hits you but does no damage.
The gnoll bouda hits you with a +0 whip.
You barely miss the gnoll bouda.
The gnoll bouda is heavily wounded.
The gnoll hits you from afar with a +0 spear.
You die...

#########
#g)ggg...
### #@#
##.## #.#
##.#.###.#
#.#......#
##...#####
##.## #.#
#.# #.#


You could see a gnoll bouda, 2 gnolls and a goblin.

Vanquished Creatures
  An adder (D:2)
  A gnoll (D:2)
  4 ball pythons
  4 endoplasms (D:1)
  2 giant cockroaches (D:1)
  4 hobgoblins
  3 kobolds
  4 quokkas
  2 bats (D:1)
  5 frilled lizards
  3 goblins
  9 rats
42 creatures vanquished.

Notes
Turn   | Place    | Note
-------+----------+-------------------------------------------
     0 | D:1      | qw the Gargoyle Fighter began the quest for the Orb.
     0 | D:1      | Reached XP level 1. HP: 14/14 MP: 1/1
     0 | D:1      | 0 ||| qw: Version: 0.2-a-10-g399e6c4
     0 | D:1      | 0 ||| qw: Game counter: 268
     0 | D:1      | 0 ||| qw: Always use a shield: true
     0 | D:1      | 0 ||| qw: God list: Okawaru
     0 | D:1      | 0 ||| qw: Allow faded altars: false
     0 | D:1      | 0 ||| qw: Do Orc after D:15 true
     0 | D:1      | 0 ||| qw: Do second Lair branch before Depths: true
     0 | D:1      | 0 ||| qw: Lair rune preference: random
     0 | D:1      | 0 ||| qw: Plans: Normal, Zot:1-4, God:TSO, Crypt, Tomb,
                  | Pan, Slime:5, Hells, Abyss, Orb
     0 | D:1      | 0 ||| PLANNING D:1-11
   487 | D:1      | 487 ||| DROPPING +0 club.
   523 | D:1      | Reached XP level 2. HP: 18/19 MP: 2/2
   711 | D:1      | 711 ||| Stepping ~*~*~tactically~*~*~ (stealth).
   716 | D:1      | 716 ||| Stepping ~*~*~tactically~*~*~ (stealth).
   841 | D:1      | Reached skill level 3 in Axes
   852 | D:1      | Reached XP level 3. HP: 21/23 MP: 3/3
  1019 | D:1      | 1019 ||| UPGRADING to +1 buckler of fire resistance.
  1029 | D:1      | 1029 ||| DROPPING +0 buckler.
  1030 | D:1      | 1030 ||| UPGRADING to +0 pair of boots.
  1035 | D:1      | 1035 ||| READING scroll labelled DOF UVIAVEFEOS.
  1036 | D:1      | 1036 ||| READING scroll labelled ODEOCV WUCUAM.
  1041 | D:1      | 1041 ||| READING 2 scrolls labelled ADIAC SEDE.
  1090 | D:2      | Found a faded altar of an unknown god.
  1422 | D:2      | 1422 ||| Stepping ~*~*~tactically~*~*~ (hiding).
  1433 | D:2      | HP: 5/23 [gnoll bouda/+0 whip (4)]
  1434 | D:2      | Reached XP level 4. HP: 6/28 MP: 4/4
  1434 | D:2      | HP: 1/28 [gnoll bouda/+0 whip (5)]
  1435 | D:2      | Slain by a gnoll

Levels and vault maps discovered:
D:1:      scummos_arrival_forest, layout_rooms, minmay_misc_feat_secret_circle
D:2:      layout_loops_ring, basic_ecumenical_altar

Skill      XL: |  1  2 |
---------------+-------+-----
Axes           | 2 3 |  3.8
Fighting       | |  3.2
Armour         | |  3.2
Shields        | |  3.2

Action                   |  1- 3 |  4- 6 || total
-------------------------+-------+-------++-------
Melee: War axe           |   132 |     2 ||   134
  Use: Scroll            |     3 |       ||     3
Armor: Scale mail        |    54 |     1 ||    55
Dodge: Dodged            |    57 |       ||    57
Block: Buckler           |    22 |       ||    22

Table legend:
 A = Non-vault XP
 B = Vault XP
 C = Vault XP percentage of total XP
 D = Non-vault monster count
 E = Vault monster count
 F = Vault count percentage of total count
                 A         B        C        D         E       F
            +---------+---------+-------+---------+---------+-------
      Total |      85 |       0 |   0.0 |      42 |       0 |   0.0
            +---------+---------+-------+---------+---------+-------
        D:1 |      42 |       0 |   0.0 |      29 |       0 |   0.0
        D:2 |      43 |       0 |   0.0 |      13 |       0 |   0.0
            +---------+---------+-------+---------+---------+-------
